 Dungeon Crawl Stone Soup version 0.15.0-23-gc2b521c (console) character file.

322 gw the Cudgeler (level 6, -2/53 HPs)
             Began as a Minotaur Fighter on Sept 9, 2014.
             Slain by an orc priest
             ... wielding a +0 dagger
              (4 damage)
             ... on Level 3 of the Dungeon.
             The game lasted 00:02:09 (4487 turns).

gw the Cudgeler (Minotaur Fighter)                  Turns: 4487, Time: 00:02:09

HP  -2/53        AC 10     Str 21      XL: 6   Next: 22%
MP   3/3         EV  5     Int  5      God:
Gold 0           SH 10     Dex 11      Spells:  0 memorised,  5 levels left

rFire  . . .     SeeInvis .     a - +0 flail
rCold  . . .     Clarity  .     f - +0 chain mail
rNeg   . . .     rCorr    .     c - +0 shield
rPois  .         rRot     .     (helmet restricted)
rElec  .         Spirit   .     (no cloak)
SustAb .         Warding  .     n - +0 pair of gloves
rMut   .         Stasis   .     (no boots)
Gourm  .                        (no amulet)
MR     .....                    (no ring)
                                (no ring)

@: not resistant to hostile enchantments, extremely unstealthy
A: retaliatory headbutt, horns 2
a: no special abilities


You were on level 3 of the Dungeon.
You were hungry.

You visited 1 branch of the dungeon, and saw 3 of its levels.

Inventory:

Hand weapons
 a - a +0 flail (weapon)
Armour
 c - a +0 shield (worn)
 f - a +0 chain mail (worn)
 n - a +0 pair of gloves (worn)
Comestibles
 d - 2 bread rations
 j - 3 meat rations
 k - 3 fruits
 p - 4 beef jerkies
Scrolls
 g - 2 scrolls of identify {unknown}
 i - a scroll of remove curse
 m - a scroll of immolation {unknown}
Potions
 b - a potion of curing
 h - 2 potions of heal wounds


   Skills:
 + Level 4.5 Fighting
 * Level 4.9 Maces & Flails
 + Level 2.4 Throwing
 + Level 4.8 Armour
 + Level 4.8 Shields


You had 5 spell levels left.
You didn't know any spells.

Dungeon Overview and Level Annotations

Branches:
Dungeon (3/15)

Altars:
Dithmenos
Elyvilon
Makhleb
Sif Muna


Innate Abilities, Weirdness & Mutations

You reflexively headbutt those who attack you in melee.
You have a pair of horns on your head.


Message History

MOVING TO (3,-1) MOVING TO (2,-1) MOVING TO (1,-1)
The orc priest invokes the aid of Beogh against you.
Something smites you! You block the adder's attack.
MOVING TO (-8,1)
The orc priest calls down the wrath of Beogh upon you.
Something smites you! You block the adder's attack.
MOVING TO (-7,0)
You block the adder's attack.
The orc priest mumbles some strange prayers to Beogh against you.
Pain shoots through your body!
MOVING TO (-6,0)
The orc priest mumbles some strange prayers to Beogh against you.
Something smites you! The adder barely misses you.
A giant mite comes into view.
MOVING TO (-5,0) MOVING TO (-4,0)
The orc priest hits you with a dagger.
You die...

#.# ####.##....#
#.....# #.#
#.##....# #.....#
#.# #.#######
#.....## #.#######.#
####....
#.........#####
#####
#.....s.......# #
##............######
#
#.................#
#
#......oH.S..####.#
# #######.####....#
#.####### #......#.#
###### #.#..$...
#......#.# #.#......
#......#.# #.#......
##......#o#
#.#......
.'......(.#
#.#......
.#.....o###
#######.#######
#....).
#..............


You could see an orc priest, an adder and a giant mite.

Table legend:
 A = Turns spent in this place as a percentage of turns spent in the entire game.
 B = Non-inter-level travel turns spent in this place as a percentage of non-inter-level travel turns spent in the entire game.
 C = Inter-level travel turns spent in this place as a percentage of turns spent in this place.
 D = Turns resting spent in this place as a percentage of non-inter-level travel turns spent in this place.
 E = Turns spent auto-exploring this place as a percentage of non-inter-level travel turns spent in this place.
 F = Non-inter-level travel turns spent in this place divided by the number of levels of this place that you've seen.
                   A       B       C       D       E      F
               +-------+-------+-------+-------+-------+----------------------
         Total | 100.0 | 100.0 |   0.8 |   6.6 |  12.7 | 398.7
       Dungeon | 100.0 | 100.0 |   0.8 |   6.6 |  12.7 | 398.7
               +-------+-------+-------+-------+-------+----------------------

Table legend:
 A = Kills in this place as a percentage of kills in entire the game.
 B = Kills by you in this place as a percentage of kills by you in the entire game.
 C = Kills by friends in this place as a percentage of kills by friends in the entire game.
 D = Other kills in this place as a percentage of other kills in the entire game.
 E = Experience gained in this place as a percentage of experience gained in the entire game.
 F = Experience gained in this place divided by the number of levels of this place that you have seen.
                   A       B       C       D       E      F
               +-------+-------+-------+-------+-------+----------------------
         Total | 100.0 | 100.0 |  -nan |  -nan | 100.0 | 153.3
       Dungeon | 100.0 | 100.0 |  -nan |  -nan | 100.0 | 153.3
               +-------+-------+-------+-------+-------+----------------------

Vanquished Creatures
  The ghost of gw the Skirmisher, an average FoAK of Lugonu (D:3)
  A worker ant (D:3)
  Ijyb (D:2)
  9 adders
  A giant mite (D:1)
  3 worms
  2 giant geckos (D:1)
  11 orcs (D:3)
  A giant cockroach (D:2)
  11 goblins
  7 hobgoblins
  10 bats
  5 giant newts
  6 jackals
  4 kobolds
  A quokka (D:3)
  11 rats
85 creatures vanquished.

Notes
Turn   | Place    | Note
--------------------------------------------------------------
     0 | D:1      | gw, the Minotaur Fighter, began the quest for the Orb.
     0 | D:1      | Reached XP level 1. HP: 19/19 MP: 1/1
    57 | D:1      | Reached XP level 2. HP: 27/27 MP: 1/1
   753 | D:1      | Reached XP level 3. HP: 33/33 MP: 2/2
  1173 | D:2      | Reached skill level 1 in Throwing
  1280 | D:2      | Found a white marble altar of Elyvilon.
  1284 | D:2      | Found a burning altar of Makhleb.
  1452 | D:2      | Reached skill level 4 in Shields
  1703 | D:2      | Reached XP level 4. HP: 18/40 MP: 2/2
  2370 | D:2      | Noticed Ijyb
  2386 | D:2      | Killed Ijyb
  2386 | D:2      | Reached XP level 5. HP: 41/46 MP: 2/2
  3287 | D:3      | Found a shadowy altar of Dithmenos.
  3473 | D:3      | Noticed gw's ghost (average FoAK)
  3927 | D:3      | Found a deep blue altar of Sif Muna.
  4394 | D:3      | Killed gw's ghost
  4394 | D:3      | Reached XP level 6. HP: 53/53 MP: 3/3
  4485 | D:3      | HP: 1/53 [orc priest/divine providence (12)]
  4487 | D:3      | Slain by an orc priest

Action                   |  1- 3 |  4- 6 || total
-------------------------+-------+-------++-------
Melee: Flail             |    80 |   150 ||   230
Throw: Stone             |       |   106 ||   106
  Use: Potion            |     3 |     3 ||     6
       Scroll            |     1 |     8 ||     9
  Eat: Chunk             |     3 |     8 ||    11

Vault maps used:
D:1:      scummos_arrival_simple_crosswalls,
          hangedman_abyss_or_decor_lesser_grid
D:2:      grunt_temple_overflow_open, roderic_bipointed_swastika,
          wad_floor_pattern_2, uniq_iyjb
D:3:      nicolae_overflow_hidden_temple, led_sif_book, first_bread
